 Dungeon Crawl Stone Soup version 0.20-a0-454-g2b43fbb (webtiles) character file.

686 ErgoProxy the Magician (level 7, 0/46 HPs)
             Began as a Merfolk Ice Elementalist on Jan 8, 2017.
             Killed by divine providence
             ... invoked by an orc priest
              (16 damage)
             ... on level 4 of the Dungeon.
             The game lasted 00:16:53 (4993 turns).

ErgoProxy the Magician (Merfolk Ice Elementalist)   Turns: 4993, Time: 00:16:53

Health: 0/46       AC: 11    Str:  8    XL:     7   Next: 62%
Magic:  10/17      EV:  9    Int: 14    God:
Gold:   187        SH:  0    Dex: 17    Spells: 16/20 levels left

rFire  . . .     SeeInvis .     (no weapon)
rCold  . . .     Gourm    .     g - +0 leather armour
rNeg   . . .     Faith    .     (no shield)
rPois  .         Spirit   .     (no helmet)
rElec  .         Reflect  .     r - +2 cloak
rCorr  .         Harm     .     (no gloves)
MR     .....                    (no boots)
Stlth  ++........               (no amulet)
                                (no ring)
                                j - -3 ring of evasion (curse)

@: icy armour, very slightly contaminated, slow
A: change form in water, swift swim, stealthy swim
a: no special abilities


You were on level 4 of the Dungeon.
You were very hungry.

You visited 1 branch of the dungeon, and saw 4 of its levels.

You collected 187 gold pieces.

Inventory:

Armour
 g - a +0 leather armour (worn)
 r - a +2 cloak (worn)
Jewellery
 j - a cursed -3 ring of evasion (left hand)
Scrolls
 d - a scroll of fog {unknown}
 f - a scroll of amnesia
 h - a scroll of blinking {unknown}
 l - a scroll of remove curse
 n - a scroll of identify
 s - a scroll of teleportation {unknown}
Potions
 e - a potion of invisibility
 i - a potion of lignification
 k - a potion of might {unknown}
 m - a potion of cancellation
 q - a potion of mutation {unknown}
Books
 b - a book of Frost

   Spells                             Type                      Level
   a - Freeze                         Ice                          1
   b - Throw Frost                    Conjuration/Ice              2
   c - Ozocubu's Armour               Charms/Ice                   3
   d - Throw Icicle                   Conjuration/Ice              4
   e - Summon Ice Beast               Ice/Summoning                4
Comestibles
 a - 4 fruits
 c - a bread ration
 o - a slice of pizza
 p - a meat ration


   Skills:
 - Level 2.6 Dodging
 - Level 2.1 Stealth
 + Level 7.1 Spellcasting
   Level 0.7 Conjurations
 - Level 4.6 Ice Magic


You had 16 spell levels left.
You knew the following spells:

 Your Spells              Type           Power        Failure   Level  Hunger
a - Freeze                Ice            ###.         3%          1    None
b - Ozocubu's Armour      Chrm/Ice       ##......     24%         3    ##.....


Dungeon Overview and Level Annotations

Branches:
Dungeon (4/15)
 Temple: D:4-7

Altars:

Annotations:
D:4 Menkaure


Message History

Aiming: Freeze
Press: ? - help, Shift-Dir - straight line, f - orc
Aim: an orc, wielding a club and wearing a chain mail You freeze the orc.
The orc is almost dead.
The orc priest calls down the wrath of Beogh upon you.
Beogh smites you! The orc hits you with a club.
The orc hits you from afar with a trident!
Casting: Freeze
Confirm with . or Enter, or press ? or * to list all spells.
Aiming: Freeze
Press: ? - help, Shift-Dir - straight line, f/p - orc
Aim: an orc, wielding a club and wearing a chain mail (almost dead)
You freeze the orc.
You kill the orc!
The orc hits you but does no damage. The orc closely misses you.
The orc priest calls down the wrath of Beogh upon you.
Beogh smites you!
You die...

###.#####.#...............#.##.##
...(................[..........##
###.#####.####.#...<.[...........
# #.# #.#.# #.#....##....#######
###.###.#.####......+.....# #
..(.................##....# #
....###......#......##....#######
#.### #.##.#.#......##...........
#. #.#..#.#..@...##....####### #.
#.#..#....######....# # #
#.#..#.##.# #....#######
#####.#..#.##o# #..........#
#........#.##.# ##..####.#.#
#####.......o.# ##.# #.#.#
###.o#.#### #.# #.#.#
.#######..#############.####.#.#
...oo.o.......[.................


You could see an orc priest and an orc.

Vanquished Creatures
  Sigmund (D:4)
  The ghost of Chodeload the Caller, an amateur OpSu (D:4)
  An orc priest (D:4)
  2 orc wizards (D:4)
  2 iguanas (D:3)
  2 worker ants
  A gnoll (D:1)
  8 adders
  A worm (D:3)
  8 dart slugs
  2 leopard geckos (D:2)
  7 orcs
  A ball python (D:3)
  5 bats
  3 giant cockroaches
  4 goblins
  5 hobgoblins
  2 jackals (D:2)
  A quokka (D:2)
  2 frilled lizards
  5 kobolds
  11 rats
75 creatures vanquished.

Notes
Turn   | Place    | Note
-------+----------+-------------------------------------------
     0 | D:1      | ErgoProxy the Merfolk Ice Elementalist began the quest for the Orb.
     0 | D:1      | Reached XP level 1. HP: 13/13 MP: 3/3
   418 | D:1      | Reached XP level 2. HP: 18/19 MP: 0/5
   788 | D:1      | Reached XP level 3. HP: 19/24 MP: 1/6
   833 | D:1      | Learned a level 3 spell: Ozocubu's Armour
   882 | D:1      | Learned a level 2 spell: Throw Frost
  1866 | D:2      | Reached XP level 4. HP: 30/30 MP: 6/8
  2111 | D:3      | Reached skill level 3 in Spellcasting
  2381 | D:3      | Reached XP level 5. HP: 33/35 MP: 3/10
  2493 | D:3      | Reached skill level 4 in Spellcasting
  2596 | D:3      | Noticed a phantom
  3546 | D:4      | Noticed Sigmund
  3598 | D:4      | Killed Sigmund
  3598 | D:4      | Reached skill level 5 in Spellcasting
  3598 | D:4      | Reached XP level 6. HP: 23/41 MP: 2/14
  3724 | D:4      | Noticed Menkaure
  3747 | D:4      | Noticed Chodeload's ghost (amateur OpSu)
  4137 | D:4      | Reached skill level 6 in Spellcasting
  4141 | D:4      | Reached XP level 7. HP: 28/46 MP: 3/16
  4269 | D:4      | Killed Chodeload's ghost
  4370 | D:4      | Reached skill level 7 in Spellcasting
  4993 | D:4      | Killed from afar by an orc priest

Vault maps used:
D:1:      ncdulo_wetmaze
D:4:      kennysheep_slugbush, uniq_menkaure, uniq_sigmund

Skill      XL: |  1  2  3  4  5  6  7 |
---------------+----------------------+-----
Ice Magic      | 4 |  4.6
Spellcasting   | 3 5 6 7 |  7.1
Dodging        | |  2.6
Stealth        | |  2.1
Conjurations   | |  0.7

Action                   |  1- 3 |  4- 6 |  7- 9 || total
-------------------------+-------+-------+-------++-------
Melee: Unarmed           |     1 |       |       ||     1
 Cast: Freeze            |    44 |   101 |    40 ||   185
       Ozocubu's Armour  |       |     3 |     2 ||     5
  Use: Scroll            |       |     5 |       ||     5
  Eat: Chunk             |     3 |     8 |     1 ||    12
Armor: Robe              |    10 |       |       ||    10
       Leather armour    |     2 |    35 |     9 ||    46
Dodge: Dodged            |    23 |    34 |    10 ||    67
